 Dungeon Crawl Stone Soup version 0.29.1-1-gd02db6906a (webtiles) character file.

Game seed: 12834439709884006658

316 Icepheonix32 the Caller (level 6, -5/54 HPs)
             Began as a Merfolk Summoner on Oct 9, 2022.
             Was an Initiate of Hepliaklqana.
             Killed by divine providence
             ... invoked by an orc priest
              (11 damage)
             ... on level 5 of the Dungeon.
             The game lasted 00:07:21 (6053 turns).

Icepheonix32 the Caller (Merfolk Summoner)          Turns: 6053, Time: 00:07:22

Health: -5/54      AC:  2    Str:  6 (8)  XL:     6   Next: 44%
Magic:  3/9        EV: 12    Int: 14 (16) God:    Hepliaklqana [......]
Gold:   254        SH:  0    Dex: 14 (15) Spells: 3/9 levels left

rFire   . . .      SeeInvis .   n - +0 spear
rCold   . . .      Faith    .   (no shield)
rNeg    . . .      Spirit   .   a - +0 robe
rPois   .          Reflect  .   (no helmet)
rElec   .          Harm     .   k - scarf {repulsion}
rCorr   .          Rampage  .   (no gloves)
Will    .....      Rage     3%  (no boots)
Stlth   ..........              (no amulet)
HPRegen 0.18/turn               (no ring)
MPRegen 0.11/turn               (no ring)

@: berserking, repel missiles, very quick
A: (nimble swimmer 2), mertail, berserk 1, frail 1, high MP 1
a: Renounce Religion


You were on level 5 of the Dungeon.
You worshipped Hepliaklqana.
Hepliaklqana was noncommittal.
You visited 2 branches of the dungeon, and saw 6 of its levels.

You collected 254 gold pieces.

Inventory:

Hand Weapons
 d - a +0 dagger
 n - a +0 spear (weapon)
Missiles
 f - 8 poisoned darts
 h - 3 datura-tipped darts
Armour
 a - a +0 robe (worn)
 k - a scarf of repulsion (worn)
 o - a +3 scale mail of fire resistance
Jewellery
 s - a +6 ring of intelligence
 u - a ring of poison resistance
 w - a ring of ice
Wands
 i - a wand of paralysis (17)
Scrolls
 m - a scroll of amnesia
Potions
 b - a potion of magic
 j - a potion of cancellation


   Skills:
 - Level 2.6 Dodging
 - Level 2.1 Stealth
 - Level 2.0 Spellcasting
 + Level 7.5 Summonings


You had 3 spell levels left.
You knew the following spells:

 Your Spells              Type           Power      Damage    Failure   Level
a - Summon Small Mammal   Summ           88%        N/A       1%          1
b - Call Imp              Summ           22%        N/A       1%          2
c - Call Canine Familiar  Summ           22%        N/A       3%          3

Your spell library contained the following spells:

 Spells                   Type           Power      Damage    Failure   Level
 Summon Guardian Golem    Hex/Summ       12%        N/A       16%         3
 Summon Lightning Spire   Summ/Air       12%        N/A       45%         4


Dungeon Overview and Level Annotations

Branches:
Dungeon (5/15)             Temple (1/1) D:4

Altars:
Ashenzari
Cheibriados
Dithmenos
Elyvilon
Fedhas
Gozag
Hepliaklqana
Kikubaaqudgha
Makhleb
Nemelex Xobeh
Okawaru
Qazlal
Ru
Sif Muna
Trog
Uskayaw
Vehumet
Wu Jian
Xom
Yredelemnul
Zin
The Shining One


Innate Abilities, Weirdness & Mutations

((You are very nimble when in or above water. (Stealth+, EV+, Speed+++)))
Your lower body shifts to a powerful aquatic tail in water.
You sometimes lose your temper in combat.
You are frail. (-10% HP)
You have an increased reservoir of magic. (+10% MP)


Message History

Your crimson imp barely misses the orc priest.
The orc priest hits you from afar with a +0 trident.
* * * LOW HITPOINT WARNING * * *
Your crimson imp hits the orc wizard but does no damage.
An orc comes into view. It is wielding a +0 hand axe.
Reach: n) +0 spear
Press: ? - help, Dir - move target, f - orc, p - orc priest
Aim: an orc, wielding a +0 hand axe and wearing a +0 ring mail (about 36% to evade your +0 spear)
You reach to attack!
You barely miss the orc.
Your crimson imp closely misses the orc wizard.
The orc priest casts a cantrip, but nothing happens.
A red film seems to cover your vision as you go berserk!
You feel yourself moving faster!
You feel mighty!
You closely miss the orc.
Your hound bites the orc wizard but does no damage.
Your crimson imp closely misses the orc wizard.
The orc priest hits your crimson imp with a +0 trident.
Your hound closely misses the orc.
Unknown command.
You miss the orc wizard.
Your hound barely misses the orc.
Unknown command.
You hit the orc wizard but do no damage.
Your crimson imp barely misses the orc wizard.
The orc priest casts a cantrip, but nothing happens.
The orc completely misses your hound.
The orc hits your crimson imp but does no damage.
Your hound completely misses the orc.
Unknown command.
You hit the orc wizard.
The orc wizard is moderately wounded.
The orc wizard closely misses you.
Your crimson imp hits the orc.
The orc priest hits your crimson imp with a +0 trident.
The orc hits your hound but does no damage.
The orc hits your crimson imp with a +0 hand axe.
Your hound bites the orc but does no damage.
You barely miss the orc wizard.
The orc wizard is moderately wounded.
Your hound bites the orc.
The orc priest calls down the wrath of Beogh upon you.
Beogh smites you!
You die...

.# ##############.#
#..............#
#..........###.#
+..........#<#.#
######..........#.#.#
...Wo5h)........#.#.#
#oo@........#...####
#.#+##'##.#.#.......
# #.##.#.........
#.##.###...####
#.##.##..###
#.##.##..# #.##.#...#
#.##.#.#.# ..##.#.#.#


You could see a phantom, an orc priest (ally target), an orc wizard, an orc
(ally target), a friendly hound (summoned) and a friendly crimson imp (summoned,
confused).

Vanquished Creatures
  Natasha (D:4)
  A gnoll (D:3)
  An orc (D:5)
  4 bats
  2 endoplasms
  A giant cockroach (D:2)
  3 goblins
  4 hobgoblins
  4 ball pythons
  A frilled lizard (D:2)
  2 kobolds
  8 rats
32 creatures vanquished.

Vanquished Creatures (collateral kills)
  A hound (D:4)
  An iguana (D:3)
  Terence (D:3)
  Natasha (twice) (D:4)
  5 adders
  3 gnolls (D:3)
  3 worms
  A dart slug (D:1)
  4 orcs (D:3)
  2 ball pythons (D:1)
  An endoplasm (D:3)
  2 giant cockroaches
  A goblin (D:3)
  3 hobgoblins
  2 kobolds (D:2)
  A quokka (D:2)
  3 bats
  2 frilled lizards (D:1)
38 creatures vanquished.

Vanquished Creatures (others)
  3 plants (D:1)
3 creatures vanquished.

Grand Total: 73 creatures vanquished

Notes
Turn   | Place    | Note
-------+----------+-------------------------------------------
     0 | D:1      | Icepheonix32 the Merfolk Summoner began the quest for the
                  | Orb.
     0 | D:1      | Reached XP level 1. HP: 13/13 MP: 3/3
   632 | D:1      | Reached XP level 2. HP: 13/19 MP: 3/5
   635 | D:1      | Learned a level 2 spell: Call Imp
  1809 | D:2      | Reached skill level 5 in Summonings
  1809 | D:2      | Reached XP level 3. HP: 11/24 MP: 3/6
  1813 | D:2      | Learned a level 3 spell: Call Canine Familiar
  2358 | D:2      | Found a faded altar of an unknown god.
  3283 | D:3      | Found a stormy altar of Qazlal.
  3452 | D:3      | Reached XP level 4. HP: 28/30 MP: 2/7
  3763 | D:3      | Reached skill level 6 in Summonings
  3775 | D:3      | Reached XP level 5. HP: 35/35 MP: 2/8
  4287 | D:3      | Noticed Terence
  4300 | D:3      | Killed Terence
  4583 | D:4      | Noticed Natasha
  4592 | D:4      | Killed Natasha
  4593 | D:4      | Reached skill level 7 in Summonings
  4691 | D:4      | Noticed Natasha
  4693 | D:4      | Reached XP level 6. HP: 28/41 MP: 5/9
  4700 | D:4      | Killed Natasha
  5094 | D:4      | Found a staircase to the Ecumenical Temple.
  5109 | Temple   | Entered the Ecumenical Temple
  5223 | Temple   | Became a worshipper of Hepliaklqana the Forgotten
  5747 | D:4      | Noticed Natasha
  5762 | D:4      | Killed Natasha
  5980 | D:4      | Gained mutation: You are frail. (-10% HP) [potion of
                  | mutation]
  5980 | D:4      | Gained mutation: You have an increased reservoir of magic.
                  | (+10% MP) [potion of mutation]
  5980 | D:4      | Gained mutation: You sometimes lose your temper in combat.
                  | [potion of mutation]
  6006 | D:5      | Entered Level 5 of the Dungeon
  6041 | D:5      | HP: 1/36 [orc priest/+0 trident (9)]
  6053 | D:5      | Killed from afar by an orc priest

Illustrated notes

Levels and vault maps discovered:
D:1:      lightli_arrival_flooded_house, layout_rooms,
          minmay_misc_feat_more_columns, minmay_rat_gold_closets
D:2:      layout_basic, hellmonk_ecumenical_altar_run_dry
D:3:      layout_loops_ring, mainiacjoe_overflow_surrounded_room, uniq_terence
D:4:      layout_basic, minmay_temple_entry_stoned_glass, uniq_natasha
D:5:      layout_basic
Temple:   kilobyte_greek_temple

Skill      XL: |  1  2  3  4  5 |
---------------+----------------+-----
Summonings     | 5 6 7 |  7.5
Dodging        | |  2.6
Stealth        | |  2.1
Spellcasting   | |  2.0

Action                   |  1- 3 |  4- 6 || total
-------------------------+-------+-------++-------
Melee: Unarmed           |    11 |       ||    11
       Dagger            |   113 |     4 ||   117
       Tailslap          |     1 |       ||     1
       Punch             |     1 |       ||     1
       Spear             |       |    66 ||    66
 Cast: Summon Small Mamm |    14 |     7 ||    21
       Call Imp          |    18 |    12 ||    30
       Call Canine Famil |     2 |    15 ||    17
  Use: Scroll            |     3 |     5 ||     8
       Potion            |       |     7 ||     7
 Stab: Sleeping          |     6 |     1 ||     7
       Distracted        |       |     2 ||     2
Armor: Robe              |    61 |     4 ||    65
Dodge: Dodged            |   125 |    32 ||   157
